Map: Ley Lines

Players

HeroMarine - Winner!

  • Race: Terran Terran
  • Spawn Location: 7:00

sebesdes

  • Race: Protoss Protoss
  • League: Master
  • Spawn Location: 1:00

Event: HomeStory Cup XXVII

VOD

Have the link to the VOD?

Description

Time

  • Played on: June 28, 2025, 11:45 a.m.
  • Length: 8:29

All games in this series

Show
View Real Time Build Order
Export as new Build Order

HeroMarine Terran - Winner!

Build Orders: Cyclone Opening 

Get SALT Encoding   

  12  0:00  SCV  
  13  0:12  SCV  
  14  0:16  Supply Depot  
  14  0:24  SCV  
  15  0:38  SCV  
  15  0:40  Barracks  
  16  0:42  Refinery  
  16  0:50  SCV  
  17  1:02  SCV  
  18  1:14  SCV  
  19  1:26  Orbital Command, Marine  
  20  1:44  Command Center  
  20  1:50  Factory  
  20  1:53  SCV  
  21  1:58  Refinery  
  21  2:05  SCV  
  22  2:08  Supply Depot  
  22  2:10  Barracks Tech Lab  
  22  2:17  SCV  
  23  2:30  SCV  
  23  2:36  Armory  
  24  2:39  Cyclone  
  24  2:42  SCV  
  28  2:45  Barracks Reactor  
  28  2:54  SCV  
  28  2:56  Orbital Command  
  29  3:06  Starport, SCV  
  29  3:12  Widow Mine  
  32  3:16  Orbital Command  
  32  3:18  SCV  
  33  3:24  Drilling Claws, Marine x2  
  35  3:28  Supply Depot  
  35  3:30  SCV  
  36  3:37  Widow Mine  
  38  3:42  Marine x2, SCV x2  
  38  3:44  Medivac  
  44  3:50  Supply Depot  
  44  3:54  SCV  
  44  3:55  SCV  
  46  3:58  Widow Mine  
  46  4:00  Marine x2  
  50  4:07  SCV x2  
  50  4:08  Refinery  
  52  4:10  Supply Depot  
  52  4:16  Starport Tech Lab  
  52  4:19  Siege Tank, SCV x2  
  57  4:24  Marine  
  57  4:25  Barracks, Marine  
  57  4:31  SCV x2  
  61  4:36  Supply Depot  
  61  4:40  Raven  
  61  4:42  Marine  
  61  4:43  Marine, SCV x2  
  67  4:51  Supply Depot  
  67  4:55  Siege Tank  
  67  4:58  SCV x2  
  72  5:00  Marine  
  72  5:01  Marine  
  74  5:10  SCV x2  
  75  5:18  Marine x2  
  75  5:19  Viking, Marine  
  74  5:22  SCV x2  
  74  5:34  SCV x2  
  76  5:35  Marine x2  
  76  5:36  Marine  
  76  5:41  Siege Tank  
  82  5:45  Barracks  
  82  5:46  SCV x2  
  82  5:53  Marine  
  82  5:54  Marine  
  81  5:58  SCV x2  
  76  6:05  Engineering Bay  
  76  6:08  Marauder  
  76  6:10  SCV x2  
  72  6:11  Marine  
  72  6:12  Marine  
  72  6:13  Siege Tank  
  72  6:22  SCV x2  
  66  6:29  Marauder, Marine  
  66  6:30  Marine  
  68  6:34  SCV x2  
  68  6:36  Marine  
  65  6:45  Siege Tank  
  65  6:46  SCV  
  65  6:47  Marine, SCV  
  65  6:48  Marine  
  65  6:49  Medivac  
  67  6:54  Marauder  
  67  6:55  Marine  
  67  6:59  SCV x2  
  72  7:04  Marine  
  72  7:05  Marine  
  71  7:11  SCV x2  
  71  7:14  Refinery  
  73  7:17  Siege Tank  
  73  7:20  Barracks Tech Lab, Marine  
  73  7:21  Medivac  
  77  7:23  SCV x2  
  77  7:29  Marine x2  
  78  7:35  SCV x2  
  73  7:38  Marine  
  72  7:47  Marine, SCV x2  
  72  7:51  Marauder  
  75  7:54  Siege Tank, Marine  
  75  7:56  Marine  
  80  7:59  SCV x2  
  80  8:04  Marine  
  80  8:05  Supply Depot  
  83  8:06  Supply Depot  
  83  8:11  SCV x2  
  88  8:15  Barracks Tech Lab  
Show
View Real Time Build Order
Export as new Build Order

sebesdes Protoss 

Build Orders: 1 Gate Expand, Blink Stalkers 

Get SALT Encoding   

  12  0:00  Probe  
  13  0:12  Probe  
  14  0:17  Pylon  
  14  0:23  Probe  
  15  0:31  Probe  
  15  0:36  Gateway  
  15  0:39  Probe  
  16  0:45  Assimilator  
  17  0:50  Probe  
  18  1:03  Probe  
  19  1:15  Probe  
  20  1:23  Cybernetics Core  
  20  1:32  Nexus  
  20  1:36  Probe  
  21  1:43  Pylon  
  21  1:48  Probe  
  21  1:50  Assimilator  
  21  1:51  Adept  
  22  2:00  Probe  
  25  2:03  Warp Gate  
  25  2:12  Probe  
  26  2:22  Adept, Probe  
  28  2:23  Twilight Council  
  29  2:30  Probe  
  30  2:40  Blink, Probe x2  
  32  2:48  Probe  
  32  2:53  Probe  
  32  2:58  Probe  
  34  3:04  Gateway  
  34  3:05  Probe  
  36  3:07  Stalker  
  36  3:10  Probe  
  39  3:17  Probe  
  40  3:22  Robotics Facility, Probe  
  41  3:28  Gateway  
  41  3:30  Probe  
  42  3:38  Gateway  
  42  3:40  Pylon  
  42  3:41  Probe  
  43  3:45  Probe  
  43  3:46  Assimilator  
  44  3:51  Stalker  
  46  3:57  Pylon  
  46  3:58  Probe  
  46  3:59  Probe  
  46  4:00  Warp Prism  
  46  4:01  Stalker  
  50  4:15  Stalker  
  54  4:22  Stalker  
  56  4:24  Stalker  
  56  4:26  Pylon  
  58  4:33  Stalker  
  58  4:37  Stalker  
  62  4:47  Pylon  
  62  4:58  Stalker x3  
  62  4:59  Observer  
  68  5:06  Probe  
  66  5:18  Stalker  
  66  5:20  Probe  
  65  5:24  Stalker  
  67  5:30  Stalker  
  69  5:40  Stalker  
  61  6:00  Stalker x2  
  61  6:03  Probe x2  
  67  6:08  Stalker  
  55  6:25  Stalker x3  
  55  6:31  Probe  
  60  6:34  Stalker  
  52  6:52  Stalker  
  52  6:53  Stalker x2  
  56  6:58  Probe  
  56  7:00  Pylon  
  57  7:03  Stalker  
  59  7:18  Probe  
  59  7:20  Stalker x3  
  64  7:28  Stalker  
  51  7:48  Stalker x3  
  51  7:50  Probe  
  58  7:51  Probe  
  59  8:02  Probe  
  58  8:16  Probe  
Tags
 
Add a new tag
Caveats
  • Supply blocks, unpowered buildings, or Contaminate may cause inaccurate times.
  • Supply counts are checked every 10 seconds.